 Dungeon Crawl Stone Soup version 0.27.1-1-g398f81649c (webtiles) character file.

Game seed: 14244183878192401593

31565 diana the Cruncher (level 13, -4/89 HPs)
             Began as a Djinni Fire Elementalist on Sept 18, 2021.
             Was an Elder of Makhleb.
             Hit by a javelin thrown by Urug (9 damage)
             ... on level 4 of the Lair of Beasts.
             The game lasted 00:46:00 (21488 turns).

diana the Cruncher (Djinni Fire Elementalist)      Turns: 21488, Time: 00:46:01

Health: -4/89      AC:  7    Str:  7    XL:     13   Next: 97%
Gold:   963        EV: 17    Int: 33    God:    Makhleb [****..] SH:  0 Dex: 15

rFire    + + +     SeeInvis .   K - staff of fire
rCold    x . .     Faith    .   (no shield)
rNeg     . . .     Spirit   .   G - +0 steam dragon scales
rPois    ∞         Reflect  .   T - +1 hat
rElec    .         Harm     .   s - scarf {repulsion}
rCorr    .         Rampage  .   (no gloves)
Will     +....                  (boots unavailable)
Stlth    ++........             (no amulet)
HPRegen  0.24/turn              S - +6 ring of intelligence
MPRegen  0.00/turn              r - +6 ring of intelligence

@: brilliant, flying, repel missiles
A: sickness immunity, fire resistance 2, cold vulnerability 1, float, innate
caster, hp casting, extra vitality 1
a: Renounce Religion, Minor Destruction, Lesser Servant of Makhleb, Major
Destruction


You were on level 4 of the Lair of Beasts.
You worshipped Makhleb.
Makhleb was greatly pleased with you.
You visited 3 branches of the dungeon, and saw 15 of its levels.

You collected 963 gold pieces.

Inventory:

Hand Weapons
 B - a +4 morningstar
 C - a +3 scimitar
 E - a +4 falchion
 H - a +2 long sword of freezing
 J - a +1 scimitar of flaming
Missiles
 P - 4 throwing nets
Armour
 a - the +2 robe of the Vacuum {rPois rN++ Dex+2 Stlth-}
   (You found it on level 3 of the Lair of Beasts)

   Dex:       It affects your dexterity (+2).
   rPois:     It protects you from poison.
   rN:        It greatly protects you from negative energy.
   Stlth:     It makes you less stealthy.
 s - a scarf of repulsion (worn)
 y - a +2 robe of cold resistance
 F - the +0 robe of the Great Game {Str-5 Int+4}
   (You found it on level 7 of the Dungeon)

   Str:       It affects your strength (-5).
   Int:       It affects your intelligence (+4).
 G - +0 steam dragon scales (worn)
 T - a +1 hat (worn)
Magical Staves
 K - a staff of fire (weapon)
Jewellery
 e - a +4 ring of evasion
 j - a ring of ice
 l - a ring of protection from cold
 r - a +6 ring of intelligence (right hand)
 N - a ring of willpower
 S - a +6 ring of intelligence (left hand)
 W - an amulet of faith
Wands
 u - a wand of digging (4)
 Q - a wand of iceblast (6)
 R - a wand of polymorph (14)
 U - a wand of acid (8)
 V - a wand of mindburst (14)
 X - a wand of flame (18)
Scrolls
 c - a scroll of torment {unknown}
 d - 3 scrolls of enchant armour {unknown}
 f - 21 scrolls of identify {unknown}
 g - 5 scrolls of blinking {unknown}
 k - 3 scrolls of amnesia {unknown}
 m - 11 scrolls of teleportation {unknown}
 p - 2 scrolls of immolation {unknown}
 t - 5 scrolls of vulnerability {unknown}
 v - a scroll of holy word {unknown}
 I - a scroll of fog {unknown}
 L - 2 scrolls of enchant weapon {unknown}
 M - 5 scrolls of noise {unknown}
 O - 2 scrolls of acquirement {unknown}
Potions
 b - 3 potions of berserk rage {unknown}
 h - a potion of attraction {unknown}
 i - 2 potions of degeneration {unknown}
 o - 4 potions of flight {unknown}
 q - a potion of haste {unknown}
 w - a potion of ambrosia {unknown}
 x - 3 potions of brilliance
 z - 3 potions of invisibility {unknown}
 A - a potion of cancellation {unknown}
 D - 4 potions of curing {unknown}
Miscellaneous
 n - a piece from Xom's chessboard (15/15)


   Skills:
 - Level 6.8 Fighting
 + Level 11.1 Staves
 - Level 6.4 Armour
 - Level 10.7 Dodging
 - Level 1.5 Stealth
 + Level 11.1 Spellcasting


You couldn't memorise any spells.
You knew the following spells:

 Your Spells              Type           Power      Damage    Failure   Level
a - Foxfire               Conj/Fire      100%       2x1d9     1%          1
b - Conjure Flame         Conj/Fire      100%       6-21      1%          3
c - Inner Flame           Hex/Fire       100%       N/A       1%          3
d - Sticky Flame          Conj/Fire      100%       2d11      1%          4
e - Fireball              Conj/Fire      58%        3d22      1%          5
f - Sting                 Tmut/Pois      100%       1d8       1%          1
g - Call Imp              Summ           95%        N/A       1%          2
h - Tukima's Dance        Hex            95%        N/A       1%          3
i - Lesser Beckoning      Tloc           47%        N/A       1%          3
j - Blade Hands           Tmut           47%        N/A       1%          5
k - Alistair's Intoxicat  Tmut/Pois      63%        N/A       1%          5
Your spell library was empty.

Dungeon Overview and Level Annotations

Branches:
Dungeon (10/15)            Temple (1/1) D:7            Lair (4/6) D:10
  Swamp (0/4) Lair:2        Snake (0/4) Lair:2
    Orc: D:9-12

Altars:
Ashenzari
Cheibriados
Dithmenos
Elyvilon
Fedhas
Gozag
Hepliaklqana
Kikubaaqudgha
Makhleb
Nemelex Xobeh
Okawaru
Qazlal
Ru
Sif Muna
Trog
Uskayaw
Vehumet
Wu Jian
Xom
Yredelemnul
Zin
The Shining One

Annotations:
D:6 1 runed translucent door, Nebesus's ghost, novice HuFE
Lair:4 Urug


Innate Abilities, Weirdness & Mutations

You are immune to sickness and miasma.
You are immune to poison.
Your flesh is very heat resistant. (rF++)
You are vulnerable to cold. (rC-)
You float through the air rather than walking.
You learn spells naturally, not from books.
Your magical power is your life essence.
You have superior vitality. (+4 HP)


Message History

Confirm with . or Enter, or press ? or * to list all spells.
A beastly little devil appears in a puff of flame.
Your crimson imp says, "Let's spread destruction!"
Urug shouts!
You swap places.
Your crimson imp misses Urug.
Casting: Call Imp (safe; 1% risk of failure)
Confirm with . or Enter, or press ? or * to list all spells.
Aiming: Fireball (dangerous; 1% risk of failure)
Press: ? - help, Shift-Dir - straight line You feel a surge of power!
The fireball explodes!
The fireball engulfs Urug!!
Urug is moderately wounded.
Urug hits you with a +6 scimitar!
Your crimson imp barely misses Urug.
Unknown command.
Unknown command.
Unknown command.
Casting: Fireball (dangerous; 1% risk of failure)
Confirm with . or Enter, or press ? or * to list all spells.
Aiming: Fireball (dangerous; 1% risk of failure)
Press: ? - help, Shift-Dir - straight line You feel a surge of power!
The fireball explodes!
The fireball engulfs Urug!!
Urug is severely wounded.
Urug hits you with a +6 scimitar!!
Your crimson imp hits Urug but does no damage.
Unknown command.
Casting: Fireball (dangerous; 1% risk of failure)
Confirm with . or Enter, or press ? or * to list all spells.
A shadowy apparition takes form in the air.
Urug hits you with a +6 scimitar!!
* * * LOW HITPOINT WARNING * * *
Your crimson imp completely misses Urug.
Unknown command.
Okay, then.
Okay, then.
Urug squints, then shrugs and mutters, "Close enough."
Your crimson imp closely misses Urug.
Urug throws a javelin.
The javelin misses you.
It was a potion of brilliance.
You feel clever all of a sudden.
Urug throws a javelin.
The javelin pierces through you!
You die...

##..##P.....)#......#....#.....
#....##.......#.....#...+......
##...#..[....##....##...#......
##.##^......##....#....##.##.#
.## #.###.....(..#..###....####.#
..P##.#.........##..#............
.................................
............5....................
.............5o.@..(.............
.............#.P###P#............
..............### ###............
.............#######.............
..P...#......###..#........#..#..
..####.##.....##...............#.
.............###..P##............
.............##............#.....
....#..#.....#####.##......#.####


You could see Urug (ally target), a friendly crimson imp (summoned) and a
friendly shadow imp (summoned).

Vanquished Creatures
  Gastronok (Lair:3)
  Harold (Lair:2)
  4 hydras
  4 death yaks
  Pikel (D:7)
  3 oklob plants
  A manticore (Lair:2)
  A torpor snail (Lair:3)
  2 black mambas (Lair:4)
  4 cane toads
  An unseen horror (D:10)
  A rime drake (Lair:2)
  7 komodo dragons
  5 meliai (Lair:2)
  2 polar bears
  A hornet (D:8)
  A queen bee (Lair:2)
  Prince Ribbit (D:7)
  9 blink frogs
  4 tyrant leeches (Lair:2)
  5 wyverns
  7 basilisks
  19 yaks
  4 vampire mosquitoes (D:10)
  4 steam dragons
  2 swamp worms (Lair:2)
  2 nagas (Lair:2)
  10 water moccasins
  An ice beast (D:7)
  A black bear (D:5)
  An ogre (D:6)
  13 wolves
  A phantom (D:6)
  3 centaurs
  3 lemures (D:7)
  10 bullfrogs
  4 scorpions
  A wyvern zombie (D:8)
  28 killer bees
  15 wights
  A jelly (D:6)
  A hound (D:4)
  A bullfrog skeleton (D:6)
  An orc priest (D:3)
  2 centaur skeletons
  7 orc wizards
  5 hell rats
  2 howler monkey zombies
  12 adders
  2 gnolls (D:5)
  A howler monkey skeleton (D:7)
  A shadow imp (D:7)
  An ufetubus (D:4)
  An adder skeleton (D:4)
  2 worms
  3 dart slugs
  8 orcs
  7 ball pythons
  8 endoplasms
  3 giant cockroaches
  9 hobgoblins
  2 quokkas (D:3)
  10 bats
  5 frilled lizards
  5 goblins
  8 kobolds
  5 rats
301 creatures vanquished.

Vanquished Creatures (collateral kills)
  Erica (D:9)
  A two-headed ogre (D:8)
  A meliai (Lair:2)
  A yak (Lair:1)
  A wraith (D:10)
  An orc warrior (D:10)
  An ogre (D:6)
  2 centaurs
  7 wights
  A gnoll (D:5)
  An adder (D:3)
  2 orcs (D:9)
  3 foxfires
23 creatures vanquished.

Vanquished Creatures (others)
  4 dancing weapons
  1118 foxfires
  21 fungi
  38 plants
1181 creatures vanquished.

Grand Total: 1505 creatures vanquished

Notes
Turn   | Place    | Note
-------+----------+-------------------------------------------
     0 | D:1      | diana the Djinni Fire Elementalist began the quest for the
                  | Orb.
     0 | D:1      | Reached XP level 1. HP: 15/15 MP: 0/0
   374 | D:1      | Reached XP level 2. HP: 18/22 MP: 0/0
   592 | D:1      | Reached skill level 1 in Fighting
   862 | D:1      | Reached XP level 3. HP: 20/27 MP: 0/0
   862 | D:1      | Learned a level 1 spell: Sting
  2065 | D:2      | Reached XP level 4. HP: 31/32 MP: 0/0
  3080 | D:3      | Reached XP level 5. HP: 35/38 MP: 0/0
  3080 | D:3      | Learned a level 2 spell: Call Imp
  3098 | D:3      | Reached skill level 1 in Armour
  3614 | D:3      | Reached XP level 6. HP: 42/45 MP: 0/0
  3765 | D:3      | Found a shimmering altar of Xom.
  5357 | D:5      | Entered Level 5 of the Dungeon
  5423 | D:5      | Noticed a black bear
  5569 | D:5      | Reached XP level 7. HP: 48/50 MP: 0/0
  5569 | D:5      | Learned a level 3 spell: Tukima's Dance
  5575 | D:5      | Reached skill level 5 in Dodging
  5749 | D:5      | Found a sacrificial altar of Ru.
  5894 | D:5      | Noticed a wyvern
  5903 | D:5      | Killed a wyvern
  6194 | D:5      | Reached XP level 8. HP: 47/58 MP: 0/0
  6303 | D:5      | Found an opulent altar of Gozag.
  6482 | D:6      | Found a runed translucent door.
  6486 | D:6      | Noticed Nebesus's ghost (novice HuFE)
  7342 | D:6      | Reached XP level 9. HP: 46/63 MP: 0/0
  7342 | D:6      | Learned a level 3 spell: Lesser Beckoning
  7499 | D:7      | Found a stormy altar of Qazlal.
  7989 | D:7      | Found a staircase to the Ecumenical Temple.
  8017 | Temple   | Entered the Ecumenical Temple
  8106 | Temple   | Became a worshipper of Makhleb the Destroyer
  8229 | D:7      | Reached skill level 5 in Fighting
  8332 | D:7      | Noticed Pikel
  8356 | D:7      | Killed Pikel
  8667 | D:7      | Noticed Prince Ribbit
  8689 | D:7      | Killed Prince Ribbit
  8690 | D:7      | Reached skill level 5 in Armour
  8996 | D:7      | Identified the +0 robe of the Great Game {Str-5 Int+4}
  9121 | D:7      | Reached skill level 5 in Spellcasting
  9665 | D:8      | Reached XP level 10. HP: 44/72 MP: 0/0
 10234 | D:8      | Found a blossoming altar of Fedhas.
 10752 | D:8      | Noticed a two-headed ogre
 10771 | D:8      | Killed a two-headed ogre
 10772 | D:8      | Reached skill level 10 in Dodging
 11209 | D:9      | Found a white marble altar of Elyvilon.
 11230 | D:9      | Noticed Erica
 11246 | D:9      | Killed Erica
 11662 | D:9      | Reached * piety under Makhleb
 11698 | D:9      | Found a bloodstained altar of Trog.
 11739 | D:9      | Reached skill level 1 in Staves
 11967 | D:9      | Found a basalt altar of Yredelemnul.
 12222 | D:9      | Reached XP level 11. HP: 69/78 MP: 0/0
 12222 | D:9      | Learned a level 5 spell: Blade Hands
 12656 | D:10     | Entered Level 10 of the Dungeon
 14567 | D:10     | Found a staircase to the Lair.
 14591 | Lair:1   | Entered Level 1 of the Lair of Beasts
 14739 | Lair:1   | Reached ** piety under Makhleb
 14742 | Lair:1   | Reached skill level 5 in Staves
 14878 | Lair:1   | Noticed a six-headed hydra
 14914 | Lair:1   | Killed a six-headed hydra
 15656 | Lair:1   | Reached XP level 12. HP: 24/84 MP: 0/0
 16457 | Lair:2   | Noticed Harold
 16463 | Lair:2   | Killed Harold
 16662 | Lair:2   | Found a staircase to the Swamp.
 17676 | Lair:2   | Reached *** piety under Makhleb
 18112 | Lair:2   | Reached XP level 13. HP: 59/89 MP: 0/0
 18112 | Lair:2   | Learned a level 5 spell: Alistair's Intoxication
 18266 | Lair:2   | Found a staircase to the Snake Pit.
 18292 | Lair:2   | Noticed a five-headed hydra
 18297 | Lair:2   | Killed a five-headed hydra
 18649 | Lair:2   | Noticed a four-headed hydra
 18652 | Lair:2   | Killed a four-headed hydra
 18653 | Lair:2   | Reached skill level 10 in Spellcasting
 18797 | Lair:2   | Reached **** piety under Makhleb
 19256 | Lair:3   | Noticed a seven-headed hydra
 19260 | Lair:3   | Killed a seven-headed hydra
 19264 | Lair:2   | Reached skill level 10 in Staves
 19524 | Lair:3   | Noticed Gastronok
 19847 | Lair:3   | Killed Gastronok
 20002 | Lair:3   | Identified the +2 robe of the Vacuum {rPois rN++ Dex+2
                  | Stlth-}
 20579 | Lair:3   | Identified the +0 robe of Dishonour {rElec}
 21472 | Lair:4   | Noticed Urug
 21479 | Lair:4   | HP: 3/89 [Urug (33)]
 21488 | Lair:4   | Hit by a javelin thrown by Urug

Illustrated notes

Levels and vault maps discovered:
D:1:      dpeg_arrival_pits, layout_loops_ring
D:2:      layout_basic
D:3:      minmay_recursive_quarters, layout_loops_ring, xom_butterflies
D:4:      layout_basic, hangedman_decor_lopped
D:5:      layout_rooms, nicolae_gozag_seed_capital,
          nicolae_overflow_crystal_walls
D:6:      layout_cave_pools, mainiacjoe_overflow_paths,
          ebering_ghost_reflecting_pool
D:7:      layout_gridville, mainiacjoe_overflow_24_doors,
          mainiacjoe_overflow_alcove_4, minmay_temple_entry_junction,
          kennysheep_small_square, uniq_prince_ribbit1, uniq_pikel
D:8:      layout_loops_corners, mainiacjoe_overflow_concentric_impassable
D:9:      layout_basic, kennysheep_ying_yang, kennysheep_mini_moat, uniq_erica
D:10:     layout_grid_maze, lair_entry_dummy, kennysheep_generic_room_10
Temple:   nicolae_temple_hex_pool
Lair:1:   layout_chaotic_city, serial_bayou_shore_a,
          infiniplex_staircase_pool_2, grunt_megastairs_1
Lair:2:   regret_index_combs_of_tragedy, layout_regular_city,
          minmay_swamp_entry_worms, guppyfry_snake_entry_garden,
          infiniplex_staircase_pool, uniq_harold
Lair:3:   layout_hall_layers, minmay_stone_trees_medium,
          nicolae_quartered_pool_little, grunt_megastairs_3,
          minmay_lair_oklob_chamber, lemuel_fruit_tree, uniq_gastronok
Lair:4:   layout_regular_city, uniq_sonja, uniq_urug

Skill      XL: |  1  2  3  4  5  6  7  8  9 10 11 12 13 |
---------------+----------------------------------------+-----
Fighting       | 1 2 3 4 5 6 |  6.8
Dodging        | 3 4 6 7 9 10 | 10.7
Spellcasting   | 3 4 5 6 8 9 11 | 11.1
Armour         | 1 2 3 4 5 6 |  6.4
Staves         | 1 6 9 11 | 11.1
Stealth        | |  1.5

Action                   |  1- 3 |  4- 6 |  7- 9 | 10-12 | 13-15 || total
-------------------------+-------+-------+-------+-------+-------++-------
Melee: Unarmed           |    12 |     3 |       |       |       ||    15
       Long sword        |       |     6 |     4 |       |       ||    10
       Falchion          |       |       |     1 |     1 |       ||     2
       Staff             |       |       |       |    12 |       ||    12
 Cast: Foxfire           |    66 |   142 |   185 |   264 |     7 ||   664
       Call Imp          |       |     1 |    11 |    23 |     2 ||    37
       Tukima's Dance    |       |       |    20 |    25 |       ||    45
       Sting             |       |       |     6 |     5 |       ||    11
       Conjure Flame     |       |       |     1 |    10 |       ||    11
       Inner Flame       |       |       |     5 |    19 |     2 ||    26
       Lesser Beckoning  |       |       |     2 |       |       ||     2
       Sticky Flame      |       |       |       |     3 |       ||     3
       Fireball          |       |       |       |    68 |    81 ||   149
  Use: Potion            |       |       |       |       |     1 ||     1
Armor: Robe              |    11 |     8 |     6 |       |       ||    25
       Steam dragon scal |       |       |     5 |    28 |     1 ||    34
Dodge: Dodged            |    40 |    57 |    85 |   169 |     5 ||   356
       Repelled          |       |       |       |     2 |       ||     2
       Rpst.: Long sword |       |     5 |    11 |       |       ||    16
       Falchion          |       |       |     6 |     2 |       ||     8
